 Dungeon Crawl Stone Soup version 0.27-a0-1597-ge58577e147 (webtiles) character file.

Game seed: 1731418584427518328

778 Lusmu the Covert (level 7, -2/54 (55) HPs)
             Began as a Naga Ice Elementalist on July 21, 2021.
             Slain by an ogre (10 damage)
             ... on level 6 of the Dungeon.
             The game lasted 00:43:52 (6842 turns).

Lusmu the Covert (Naga Ice Elementalist)            Turns: 6842, Time: 00:43:52

HP:   -2/54 (55)    AC: 16    Str: 11    XL:     7   Next: 85%
MP:   6/11          EV:  9    Int: 16    God:
Gold: 243           SH: 10    Dex: 12    Spells: 7/12 levels left

rFire    . . .     SeeInvis +   j - +0 spear
rCold    + . .     Faith    .   n - +2 buckler {AC+3}
rNeg     . . .     Spirit   .   a - +0 robe
rPois    +         Reflect  +   (no helmet)
rElec    .         Harm     .   x - +2 cloak
rCorr    .         Rampage  .   (no gloves)
Will     .....                  (no barding)
Stlth    ++++......             s - amulet of reflection
HPRegen  0.18/turn              v - ring of protection from cold
MPRegen  0.12/turn              (no ring)

@: mighty, ice-armoured, very slightly contaminated, lightly drained, very slow
A: AC +2, large, see invisible, deformed body, poison resistance, slowness 2,
spit poison 1, naga tail 1
a: Spit Poison


You were on level 6 of the Dungeon.
You visited 1 branch of the dungeon, and saw 6 of its levels.

You collected 243 gold pieces.

Inventory:

Hand Weapons
 f - a +0 dagger
 h - a +0 quarterstaff
 j - a +0 spear (weapon)
Missiles
 b - 61 poisoned darts (quivered)
 e - 78 bolts
 g - 143 stones
 D - 6 silver javelins
 G - 6 javelins
Armour
 a - a +0 robe (worn)
 m - a +0 leather armour
 n - a +2 buckler of protection (worn)
 x - a +2 cloak (worn)
Jewellery
 i - an amulet of guardian spirit
 s - an amulet of reflection (around neck)
 v - a ring of protection from cold (left hand)
 A - a ring of flight
Wands
 l - a wand of charming (9)
 y - a wand of iceblast (2)
Scrolls
 k - a scroll of immolation {unknown}
 o - a scroll of silence {unknown}
 p - a scroll of magic mapping {unknown}
 r - a scroll of vulnerability {unknown}
 z - a scroll of identify {unknown}
 B - a scroll of noise
 C - a scroll of teleportation {unknown}
 F - a scroll of fog {unknown}
Potions
 c - 2 potions of curing
 t - a potion of heal wounds {unknown}
 u - a potion of berserk rage {unknown}
 w - a potion of haste {unknown}
 E - a potion of cancellation {unknown}


   Skills:
 + Level 0.0 Fighting
 + Level 4.1 Throwing
 + Level 1.5 Dodging
 - Level 8.0 Stealth
 + Level 0.0 Shields
 - Level 3.0 Spellcasting
 + Level 0.0 Conjurations
 - Level 6.0 Ice Magic


You had 7 spell levels left.
You knew the following spells:

 Your Spells              Type           Power      Damage    Failure   Level
a - Freeze                Ice            84%        1d10      2%          1
b - Ozocubu's Armour      Ice            21%        N/A       8%          3
c - Magic Dart            Conj           8%         1d3       30%         1

Your spell library contained the following spells:

 Spells                   Type           Power      Damage    Failure   Level
 Frozen Ramparts          Ice            42%        1d6       8%          3
 Shock                    Conj/Air       8%         1d3       30%         1
 Corpse Rot               Necr/Air       N/A        N/A       43%         2
 Searing Ray              Conj           4%         3d3       43%         2
 Static Discharge         Conj/Air       2%         N/A       43%         2
 Hailstorm                Conj/Ice       12%        3d5       65%         4
 Fulminant Prism          Conj/Hex       1%         3d6       97%         4
 Bolt of Magma            Conj/Fire/Erth 1%         4d4       100%        5
 Fireball                 Conj/Fire      1%         3d3       100%        5


Dungeon Overview and Level Annotations

Branches:
Dungeon (6/15)
 Temple: D:4-7

Altars:
Ashenzari
Kikubaaqudgha

Annotations:
D:3 1 runed translucent door, cccccccc's ghost, weakling DgCj
D:4 1 runed translucent door, Crazy Yiuf


Innate Abilities, Weirdness & Mutations

Your serpentine skin is tough. (AC +2)
You have supernaturally acute eyesight. (SInv)
Armour fits poorly on your strangely shaped body.
Your system is resistant to poisons. (rPois)
You cover ground very slowly.
You can spit poison.
You have a snake-like lower body.


Message History

The splash of poison hits the ogre.
The ogre is poisoned.
The ogre is lightly wounded.
The ogre shouts!
Okay, then.
Casting: Ozocubu's Armour (dangerous; 8% risk of failure)
Confirm with . or Enter, or press ? or * to list all spells.
A film of ice covers your body!
Okay, then.
Casting: Ozocubu's Armour (dangerous; 8% risk of failure)
Confirm with . or Enter, or press ? or * to list all spells.
Aiming: Magic Dart (safe; 30% risk of failure)
Press: ? - help, Shift-Dir - straight line, f/p - ogre
Aim: an ogre, wielding a +0 giant spiked club (lightly wounded, poisoned, 100% to hit)
The magic dart hits the ogre.
The ogre is lightly wounded.
Casting: Magic Dart (safe; 30% risk of failure)
Confirm with . or Enter, or press ? or * to list all spells.
Aiming: Freeze (safe; 2% risk of failure)
Press: ? - help, Shift-Dir - straight line, f/p - ogre
Aim: an ogre, wielding a +0 giant spiked club (moderately wounded, poisoned)
You miscast Freeze.
You are very lightly contaminated with residual magic.
Nothing appears to happen.
You have got your breath back.
The ogre hits you with a +0 giant spiked club!!
It was a potion of might.
You feel very mighty all of a sudden.
You hit the ogre.
The ogre is heavily wounded.
The ogre hits you with a +0 giant spiked club!!
* * * LOW HITPOINT WARNING * * *
As you read the scroll labelled DUIGOUDDOWKU, it crumbles to dust.
It is a scroll of amnesia.
Really abort (and waste the scroll)? [Y]es or [N]o only, please.
Really abort (and waste the scroll)?
Okay, then.
The ogre looks more healthy.
The ogre hits you with a +0 giant spiked club!
You die...

...#.. ... ....# #
... #..# .# #...
#.####.#####. #..!.
#..#........
..#..##..<.##..#.#
.................#
..(......##.###..#.
......#...#@O(.....
.
............(....).
...................
.
............#......
..#
...................
.
...................
#
...................
..#
)...........###.###
... ....$.##...##
...


You could see an ogre.

Vanquished Creatures
  Menkaure (D:4)
  A necrophage (D:4)
  A scorpion (D:5)
  A water moccasin skeleton (D:5)
  3 wights (D:5)
  A jelly (D:4)
  2 hounds
  2 iguanas (D:5)
  Ijyb (D:3)
  An orc wizard (D:5)
  5 adders
  A worm (D:2)
  3 dart slugs
  6 orcs (D:5)
  6 endoplasms
  A giant cockroach (D:1)
  4 goblins
  7 hobgoblins
  23 jackals
  A quokka (D:3)
  5 ball pythons
  3 bats
  2 frilled lizards
  7 kobolds
  4 rats
92 creatures vanquished.

Vanquished Creatures (others)
  A human (D:3)
1 creature vanquished.

Grand Total: 93 creatures vanquished

Notes
Turn   | Place    | Note
-------+----------+-------------------------------------------
     0 | D:1      | Lusmu the Naga Ice Elementalist began the quest for the
                  | Orb.
     0 | D:1      | Reached XP level 1. HP: 15/15 MP: 3/3
   212 | D:1      | Reached XP level 2. HP: 18/22 MP: 1/5
   537 | D:1      | Found a faded altar of an unknown god.
   708 | D:1      | Reached XP level 3. HP: 26/28 MP: 3/6
  1196 | D:1      | Learned a level 3 spell: Ozocubu's Armour
  1661 | D:2      | Reached skill level 4 in Stealth
  2025 | D:2      | Reached XP level 4. HP: 35/36 MP: 8/8
  2745 | D:2      | Reached skill level 1 in Throwing
  2920 | D:3      | Noticed Ijyb
  2944 | D:3      | Killed Ijyb
  3078 | D:3      | Noticed cccccccc's ghost (weakling DgCj)
  3093 | D:3      | Found a broken altar of Ashenzari.
  3128 | D:3      | Reached XP level 5. HP: 37/42 MP: 9/9
  3246 | D:3      | Found an ancient bone altar of Kikubaaqudgha.
  3246 | D:3      | Noticed a human
  3249 | D:3      | Killed a human
  3408 | D:3      | Found a runed translucent door.
  3450 | D:3      | Reached skill level 5 in Stealth
  3962 | D:4      | Reached skill level 5 in Ice Magic
  4022 | D:4      | Reached XP level 6. HP: 46/49 MP: 5/10
  4119 | D:4      | Got Qeudia's Grimoire of the Gliding Volcanoes
  4164 | D:4      | Noticed Menkaure
  4172 | D:5      | Entered Level 5 of the Dungeon
  4333 | D:5      | Reached skill level 6 in Stealth
  4976 | D:4      | Killed Menkaure
  4977 | D:4      | Reached XP level 7. HP: 14/55 MP: 11/11
  5523 | D:4      | Reached skill level 7 in Stealth
  5647 | D:4      | Found a runed translucent door.
  5648 | D:4      | Noticed Crazy Yiuf
  6727 | D:5      | Reached skill level 8 in Stealth
  6828 | D:5      | Learned a level 1 spell: Magic Dart
  6842 | D:6      | Slain by an ogre

Illustrated notes

Levels and vault maps discovered:
D:1:      dpeg_arrival_more_subterranean_lakeside_camping, layout_loops_ring,
          shapermc_ecumenical_altar_starsandcircs, kennysheep_flooded_box
D:2:      minmay_chambers_of_twos, layout_basic
D:3:      layout_loops_ring, lemuel_crystal_altar, tgw_kikubaaqudgha,
          hellmonk_ghost_happy_afterlife, uniq_ijyb
D:4:      layout_rooms, serial_rivers, chequers_serial_rivers_micro_b,
          chequers_serial_rivers_large_a, chequers_serial_rivers_micro_e,
          chequers_serial_rivers_small_a, chequers_serial_rivers_small_3,
          chequers_serial_rivers_small_3, chequers_serial_rivers_large_b,
          chequers_arboretum, chequers_serial_rivers_micro_d,
          uniq_crazy_yiuf_cottage, uniq_menkaure
D:5:      layout_loops_ring, minmay_misc_feat_more_columns
D:6:      layout_rooms, grunt_temple_overflow_forces_of_nature,
          roderic_roman_lattice, kennysheep_windowed_goal

Skill      XL: |  1  2  3  4  5  6  7 |
---------------+----------------------+-----
Stealth        | 4 5 6 8 |  8.0
Throwing       | 1 2 3 4 |  4.1
Spellcasting   | 3 |  3.0
Ice Magic      | 5 6 |  6.0
Dodging        | |  1.5

Action                   |  1- 3 |  4- 6 |  7- 9 || total
-------------------------+-------+-------+-------++-------
Melee: Dagger            |    30 |       |       ||    30
       Spear             |    21 |   126 |   122 ||   269
Throw: Dart              |    12 |    15 |     6 ||    33
       Stone             |       |     1 |       ||     1
 Cast: Freeze            |    30 |    29 |    14 ||    73
       Ozocubu's Armour  |       |     1 |     5 ||     6
       Magic Dart        |       |       |     1 ||     1
 Abil: Spit Poison       |     6 |    15 |     5 ||    26
Evoke: Wand              |       |     4 |     4 ||     8
  Use: Potion            |     3 |       |     1 ||     4
       Scroll            |       |       |     3 ||     3
 Stab: Sleeping          |     3 |     6 |     1 ||    10
Armor: Robe              |    12 |    50 |    42 ||   104
Dodge: Dodged            |    56 |    62 |    44 ||   162
Block: Buckler           |       |    22 |    74 ||    96

Table legend: (Time is in decaauts)
 A = Elapsed time spent in this place.
 B = Non-inter-level travel time spent in this place.
 C = Inter-level travel time spent in this place.
 D = Time resting spent in this place.
 E = Time spent auto-exploring this place.
 F = Levels seen in this place.
 G = Mean time per level.
                   A        B        C        D        E       F      G
               +--------+--------+--------+--------+--------+-----+--------+
         Total |   8599 |   8105 |    494 |   1826 |   3130 |   6 | 1433.2 |
       Dungeon |   8599 |   8105 |    494 |   1826 |   3130 |   6 | 1433.2 |
               +--------+--------+--------+--------+--------+-----+--------+

Top non-repeatable levels by time:
     D:2: 2278 daAuts
     D:4: 1868 daAuts
     D:5: 1703 daAuts
     D:1: 1478 daAuts
     D:3: 1205 daAuts
     D:6: 64 daAuts
